 Dungeon Crawl Stone Soup version 0.28-a0-472-g50180c0d78 (webtiles) character file.

Game seed: 6733836253517510505

161 Aggronaut the Ruffian (level 5, -3/45 HPs)
             Began as a Draconian Cinder Acolyte on Sept 15, 2021.
             Was a High Priest of Ignis.
             Slain by an orc priest (7 damage)
             ... on level 3 of the Dungeon.
             The game lasted 00:05:24 (2881 turns).

Aggronaut the Ruffian (Draconian Cinder Acolyte)    Turns: 2881, Time: 00:05:24

Health: -3/45      AC:  5    Str: 17    XL:     5   Next: 19%
Magic:  6/6        EV: 11    Int: 14    God:    Ignis [*****.]
Gold:   40         SH:  0    Dex:  7    Spells: 6/6 levels left

rFire   + + .      SeeInvis .     - Unarmed
rCold   + . .      Faith    .   (no shield)
rNeg    . . .      Spirit   .   (armour unavailable)
rPois   .          Reflect  .   (helmet restricted)
rElec   .          Harm     .   (no cloak)
rCorr   .          Rampage  .   (no gloves)
Will    .....                   (no boots)
Stlth   +.........              (no amulet)
HPRegen 0.15/turn               h - ring of protection from fire
MPRegen 0.10/turn               k - ring of protection from cold

@: flying
A: AC +5, unfitting armour, cold-blooded
a: Renounce Religion, Sea of Fire, Foxfire Swarm, Rising Flame


You were on level 3 of the Dungeon.
You worshipped Ignis.
Ignis was extremely pleased with you.
You visited 1 branch of the dungeon, and saw 3 of its levels.

You collected 40 gold pieces.

Inventory:

Jewellery
 h - a ring of protection from fire (left hand)
 k - a ring of protection from cold (right hand)
Scrolls
 a - a scroll of blinking {unknown}
 d - a scroll of teleportation {unknown}
 f - a scroll of noise {unknown}
 g - 2 scrolls of identify {unknown}
Potions
 b - a potion of flight
 c - a potion of berserk rage {unknown}
 e - a potion of attraction {unknown}
 i - a potion of curing {unknown}
 j - a potion of brilliance {unknown}


   Skills:
 - Level 3.2 Fighting
 + Level 5.9 Unarmed Combat
 - Level 1.0 Spellcasting
 - Level 3.0 Fire Magic


You had 6 spell levels left.
You didn't know any spells.
Your spell library contained the following spells:

 Spells                   Type           Power      Damage    Failure   Level
 Scorch                   Fire           18%        2d5       12%         2
 Freeze                   Ice            0%         1d3       26%         1
 Frozen Ramparts          Ice            0%         1d2       61%         3
 Hailstorm                Conj/Ice       0%         3d3       95%         4


Dungeon Overview and Level Annotations

Branches:
Dungeon (3/15)

Altars:


Innate Abilities, Weirdness & Mutations

Your plain brown scales are hard. (AC +5)
You cannot fit into any form of body armour.
You are cold-blooded and may be slowed by cold attacks.


Message History

The orc priest hits you from afar with a +0 trident.
Things that are here:
a +0 flail; a +1 leather armour of cold resistance; an orc corpse The orc priest barely misses you.
You hit the orc priest.
The orc priest is lightly wounded.
The orc priest barely misses you.
You hit the orc priest.
Your tail-slap misses the orc priest.
The orc priest is moderately wounded.
The orc priest mumbles some strange prayers to Beogh against you.
Pain shoots through your body!
You hit the orc priest but do no damage.
The orc priest is moderately wounded.
The orc priest hits you with a +0 trident.
You barely miss the orc priest.
The orc priest is moderately wounded.
You hit the orc priest.
The orc priest is moderately wounded.
The orc priest misses you.
You hit the orc priest but do no damage.
The orc priest is moderately wounded.
The orc priest hits you with a +0 trident.
You barely miss the orc priest.
The orc priest is moderately wounded.
The orc priest hits you but does no damage.
You closely miss the orc priest.
The orc priest is moderately wounded.
The orc priest invokes the aid of Beogh against you.
Beogh smites you!
* * * LOW HITPOINT WARNING * * *
It was a potion of flight.
You feel very buoyant.
You fly up into the air.
The orc priest hits you with a +0 trident.
* * * LOW HITPOINT WARNING * * *
Fires begin to smoulder around you!
The orc priest hits you with a +0 trident.
* * * LOW HITPOINT WARNING * * *
The orc priest hits you from afar with a +0 trident!
You die...

#§# #§# #§#
#§# ##§# #
§§#.#
§§§####o#§####
§§§§§§§.§§§§§+
§§§####@######
#§§§...#
#§§##.##
#§§##.#####
#§§##.....#
#§§##.....#
§§§##.....#
.##.##.#+#.# .
#.##.#.#.#


You could see an orc priest.

Vanquished Creatures
  Natasha (thrice) (D:2)
  3 worms
  2 dart slugs (D:2)
  3 orcs (D:3)
  7 ball pythons
  6 bats
  4 endoplasms
  2 giant cockroaches
  6 goblins
  7 hobgoblins
  3 jackals (D:1)
  5 kobolds
  2 quokkas
  9 frilled lizards
  2 rats
64 creatures vanquished.

Vanquished Creatures (others)
  7 foxfires (D:2)
7 creatures vanquished.

Grand Total: 71 creatures vanquished

Notes
Turn   | Place    | Note
-------+----------+-------------------------------------------
     0 | D:1      | Aggronaut the Draconian Cinder Acolyte began the quest for
                  | the Orb.
     0 | D:1      | Reached XP level 1. HP: 19/19 MP: 2/2
   360 | D:1      | Reached XP level 2. HP: 26/26 MP: 3/3
   687 | D:1      | Reached skill level 4 in Unarmed Combat
   871 | D:1      | Reached XP level 3. HP: 21/31 MP: 4/4
  1288 | D:2      | Found a faded altar of an unknown god.
  1895 | D:2      | Reached XP level 4. HP: 38/38 MP: 5/5
  1999 | D:2      | Reached skill level 5 in Unarmed Combat
  2120 | D:2      | Noticed Natasha
  2138 | D:2      | Killed Natasha
  2369 | D:2      | Noticed Natasha
  2385 | D:2      | Killed Natasha
  2574 | D:2      | Noticed Natasha
  2583 | D:2      | Killed Natasha
  2584 | D:2      | Reached XP level 5. HP: 30/45 MP: 6/6
  2881 | D:3      | Slain by an orc priest

Illustrated notes

Levels and vault maps discovered:
D:1:      co_arrival_square_in_a_square_in_a_square, layout_basic, minmay_tall_x
D:2:      minmay_evil_eye, layout_rooms,
          dreamdust_ecumenical_altar_angels_and_demons, uniq_natasha
D:3:      layout_basic, uniq_terence

Skill      XL: |  1  2  3  4 |
---------------+-------------+-----
Unarmed Combat | 4 5 |  5.9
Fighting       | |  3.2
Spellcasting   | |  1.0
Fire Magic     | |  3.0

Action                   |  1- 3 |  4- 6 || total
-------------------------+-------+-------++-------
Melee: Unarmed           |   155 |    73 ||   228
       Tailslap          |    14 |     7 ||    21
       Punch             |     2 |     2 ||     4
Invok: Foxfire Swarm     |       |     1 ||     1
       Sea of Fire       |       |     1 ||     1
  Use: Potion            |       |     1 ||     1
Armor: Skin              |    47 |    14 ||    61
Dodge: Dodged            |    79 |    31 ||   110

Table legend: (Time is in decaauts)
 A = Elapsed time spent in this place.
 B = Non-inter-level travel time spent in this place.
 C = Inter-level travel time spent in this place.
 D = Time resting spent in this place.
 E = Time spent auto-exploring this place.
 F = Levels seen in this place.
 G = Mean time per level.
                   A        B        C        D        E       F      G
               +--------+--------+--------+--------+--------+-----+--------+
         Total |   2873 |   2796 |     77 |    876 |   1373 |   3 |  957.7 |
       Dungeon |   2873 |   2796 |     77 |    876 |   1373 |   3 |  957.7 |
               +--------+--------+--------+--------+--------+-----+--------+

Top non-repeatable levels by time:
     D:2: 1529 daAuts
     D:1: 1175 daAuts
     D:3: 168 daAuts
